 Dungeon Crawl Stone Soup version 0.19.4-8-ga85b6b9 (console) character file.

48983 Grinner the Unseen (level 14, -24/74 HPs)
             Began as a Spriggan Monk on Feb 14, 2017.
             Was an Elder of Jiyva.
             Killed from afar by a merfolk aquamancer (46 damage)
             ... with a great wave of water
             ... on level 1 of the Shoals.
             The game lasted 01:29:18 (18697 turns).

Grinner the Unseen (Spriggan Monk)                 Turns: 18697, Time: 01:29:21

Health: -24/74     AC: 10    Str: 10    XL:     14   Next: 14%
Magic:  26/26      EV: 31    Int: 11    God:    Jiyva [****..]
Gold:   914        SH: 17    Dex: 23    Spells: 3 memorised, 17 levels left

rFire  + . .     SeeInvis +     a - +8 quick blade {elec, Str+2}
rCold  + + +     Gourm    .     y - +4 skin of Zhor {rC+++}
rNeg   + . .     Faith    .     N - +3 warlock's mirror {reflect}
rPois  +         Spirit   .     (helmet restricted)
rElec  .         Reflect  +     x - +2 cloak
rCorr  +         Harm     .     (gloves unavailable)
MR     ++...                    (boots unavailable)
Stlth  +++++++...               b - +5 amulet of reflection
                                R - ring of protection from fire
                                t - ring of Leosapturai {rPois rN+}

@: very quick
A: unfitting armour, beak, rugged brown scales 1, see invisible, herbivore 3,
speed 3, slow metabolism 2, wild magic 1
a: Request Jelly, Slimify, Renounce Religion


You were on level 1 of the Shoals.
You worshipped Jiyva.
Jiyva was greatly pleased with you.
You were not hungry.

You visited 4 branches of the dungeon, and saw 17 of its levels.
You also visited: Labyrinth and Sewer.

You collected 1382 gold pieces.
You spent 468 gold pieces at shops.

Inventory:

Hand Weapons
 a - the +8 quick blade of Capital Punishment (weapon) {elec, Str+2}
   (You found it in a labyrinth)

   Occasionally, upon striking a foe, it will discharge some electrical energy
   and cause terrible harm.
   It affects your strength (+2).
 V - a +0 rapier of freezing
Armour
 x - a +2 cloak (worn)
 y - the +4 skin of Zhor (worn) {rC+++}
   (You acquired it on level 3 of the Lair of Beasts)

   It renders you almost immune to cold.
 N - the +3 warlock's mirror (worn) {reflect}
   (You took it off a minotaur in a labyrinth)
Rods
 K - a +1 rod of clouds (10/10)
   (You took it off a minotaur in a labyrinth)
Jewellery
 b - a +5 amulet of reflection (around neck)
 t - the ring of Leosapturai (left hand) {rPois rN+}
   (You bought it in a shop on level 9 of the Dungeon)

   [ring of positive energy]

   It protects you from poison.
   It protects you from negative energy.
 E - an uncursed amulet of magic regeneration {unknown}
 R - a ring of protection from fire (right hand)
Wands
 d - a wand of lightning (9/15)
 h - a wand of acid (9/15)
 i - a wand of lightning (4/15)
 u - a wand of slowing (19/48)
 v - a wand of slowing (18/48)
 w - a wand of random effects (27/48)
 C - a wand of digging (18/24)
 G - a wand of acid (5/15)
 T - a wand of lightning (7/15)
 U - a wand of paralysis (3/24)
 X - a wand of digging (9/24)
 Y - a wand of confusion (14/48)
 Z - a wand of confusion (14/48)
Scrolls
 e - 5 scrolls of remove curse
 g - 3 scrolls of fear
 k - 7 scrolls of teleportation
 n - 4 scrolls of fog
 F - a scroll of enchant weapon
 H - a scroll of silence
 J - a scroll of blinking
 M - a scroll of immolation
 O - a scroll of enchant armour
 P - a scroll of amnesia
 W - a scroll of magic mapping
Potions
 c - a potion of cure mutation
 f - 3 potions of heal wounds
 j - 11 potions of flight
 l - 2 potions of agility
 m - 5 potions of curing
 o - 2 potions of might
 p - a potion of berserk rage
 r - a potion of lignification {unknown}
 z - a potion of ambrosia
 B - a potion of haste
Books
 q - a book of Power

   Spells                             Type                      Level
   a - Fulminant Prism                Conjuration/Hexes            4
   b - Iskenderun's Mystic Blast      Conjuration                  4
   c - Venom Bolt                     Conjuration/Poison           5
   d - Bolt of Magma                  Conjuration/Fire/Earth       5
   e - Iron Shot                      Conjuration/Earth            6
   f - Orb of Destruction             Conjuration                  7
   g - Spellforged Servitor           Conjuration/Summoning        7
Comestibles
 A - a fruit
 D - 4 slices of pizza
 I - 8 bread rations


   Skills:
 + Level 7.4 Fighting
 - Level 9.2 Short Blades
 - Level 12.3 Dodging
 + Level 16.6 Stealth
 - Level 7.7 Shields
 - Level 4.4 Unarmed Combat
 - Level 7.6 Spellcasting
 - Level 5.0 Hexes
 - Level 8.8 Transmutations
 + Level 8.0 Earth Magic


You had 17 spell levels left.
You knew the following spells:

 Your Spells              Type           Power        Failure   Level  Hunger
c - Confusing Touch       Hex            ###...       4%          1    None
f - Petrify               Tmut/Erth      ####....     12%         4    ####...
s - Statue Form           Tmut/Erth      ####.....    89%         6    #######


Dungeon Overview and Level Annotations

Branches:
Dungeon (9/15)             Temple (1/1) D:4            Lair (6/6) D:9
 Shoals (1/4) Lair:4        Snake (0/4) Lair:2        Slime (0/5) Lair:5
    Orc: D:9-12

Altars:
Ashenzari
Cheibriados
Dithmenos
Elyvilon
Fedhas
Gozag
Hepliaklqana
Kikubaaqudgha
Makhleb
Nemelex Xobeh
Okawaru
Qazlal
Ru
Sif Muna
Trog
Uskayaw
Vehumet
Xom
Yredelemnul
Zin
The Shining One
Jiyva

Shops:
D:9 =


Innate Abilities, Weirdness & Mutations

You are very small and have problems with some larger weapons.
You are too small for most types of armour.
You have supernaturally acute eyesight. (SInv)
You are a herbivore.
You cover ground extremely quickly.
You need consume almost no food.
You have a beak for a mouth.
You are partially covered in rugged brown scales. (AC +1, +3% HP)
Your spells are a little harder to cast, but a little more powerful.


Message History

You hit the merfolk aquamancer.
There is a sudden explosion of sparks!
You peck the merfolk aquamancer.
The merfolk aquamancer is severely wounded.
The merfolk aquamancer points at you and mumbles some strange words.
The great wave of water misses you.
The wave splashes down.
You enter the shallow water.
Moving in this stuff is going to be slow.
A water elemental comes into view.
The snapping turtle completely misses you.
The merfolk aquamancer casts a spell at you.
The ball of steam hits you! You resist.
* * * LOW HITPOINT WARNING * * *
There is a staircase back to the Lair here.
The faun unwields an uncursed spear.
The faun wields a hunting sling.
The faun shoots a sling bullet.
The sling bullet barely misses you. The snapping turtle closely misses you.
The merfolk aquamancer casts a spell at you.
The great wave of water hits you!
Ouch! That really hurt!
You die...

≈≈......##.≈≈≈≈≈≈≈≈≈
≈≈≈≈≈≈≈...c.≈≈≈≈≈≈≈≈
≈≈≈≈≈≈≈†.##(.≈≈≈.≈≈≈
≈≈≈≈≈≈≈.## ...≈≈..≈≈
≈≈≈≈≈≈≈..###.≈≈....
≈≈≈≈≈≈≈≈≈†E..≈≈#
≈≈≈≈≈≈≈≈≈c>.≈≈.## ≈
≈≈≈≈≈≈≈≈≈≈≈mE§§.#.≈≈≈
≈≈≈≈≈≈≈≈≈≈≈t§@§≈.≈≈≈≈
≈≈≈≈≈≈≈≈≈≈≈≈§§§§§§≈≈≈
≈≈≈≈≈≈≈≈≈≈≈≈≈≈≈§≈≈≈≈≈
.≈≈≈≈≈≈≈E≈≈≈≈≈≈§≈≈≈≈≈
..≈≈≈≈≈≈≈≈≈≈≈≈≈≈≈≈≈≈
..≈≈≈≈≈≈≈≈≈≈≈≈≈≈≈≈≈
.≈≈≈≈≈≈≈≈≈≈≈≈≈≈≈
≈≈≈≈≈≈≈≈≈≈≈≈≈≈≈≈


You could see a merfolk aquamancer, a snapping turtle, 2 fauns and 3 water
elementals.

Vanquished Creatures
  Rupert (Lair:4)
  A fire dragon (Lair:6)
  A minotaur (Lab)
  7 hydras
  Harold (Lair:4)
  An unseen horror (D:9)
  A lindwurm (Lair:6)
  5 harpies (Shoals:1)
  An oklob plant (Lair:6)
  Pikel (D:5)
  10 elephants
  6 black mambas
  6 spiny frogs
  2 molten gargoyles (Lair:6)
  3 rime drakes
  7 komodo dragons
  A troll (D:8)
  A polar bear (Lair:4)
  The ghost of demenzo the Poker, an amateur MfSk of Yredelemnul (D:4)
  Grinder (D:6)
  9 blink frogs
  6 dream sheep (Lair:4)
  7 hippogriffs
  Sigmund (D:3)
  3 redbacks (Lab)
  5 wyverns
  36 yaks
  8 basilisks
  4 hogs (D:7)
  A human (D:7)
  6 hungry ghosts
  Grum (D:9)
  A steam dragon (Lair:6)
  2 mottled dragons
  3 hell hounds (Lair:6)
  A naga (Lair:2)
  10 water moccasins
  3 orc warriors (D:9)
  8 porcupines
  2 ice beasts
  2 black bears
  3 phantoms
  6 ogres
  3 sky beasts
  A necrophage (D:7)
  The ghost of antares the Poker, an amateur MfGl (Sewer)
  8 centaurs
  16 wolves
  15 crocodiles
  3 big kobolds
  Blork the orc (D:5)
  17 bullfrogs
  A wyvern skeleton (D:7)
  7 scorpions
  4 killer bees (D:6)
  6 howler monkeys
  13 wights
  An electric eel (Lair:3)
  5 lava snakes (Lair:6)
  6 crimson imps
  2 jellies
  2 orc priests
  A centaur skeleton (D:5)
  3 hounds
  8 orc wizards
  An iguana (D:6)
  7 worker ants
  A siren (Sewer)
  A merfolk avatar (Sewer)
  2 killer bee zombies
  2 ogre skeletons (Lab)
  4 hound skeletons
  A worker ant zombie (D:8)
  10 gnolls
  11 adders
  4 river rats
  2 shadow imps
  An ooze (D:1)
  An adder skeleton (D:7)
  2 adder zombies
  5 worms
  3 dart slugs
  A leopard gecko (D:9)
  29 orcs
  14 bats
  10 giant cockroaches
  26 goblins
  12 hobgoblins
  14 jackals
  2 quokkas
  5 ball pythons
  12 frilled lizards
  A jackal skeleton (D:7)
  27 kobolds
  3 leopard gecko skeletons
  A quokka zombie (D:8)
  36 rats
  A fungus (Lair:4)
562 creatures vanquished.

Vanquished Creatures (others)
  A molten gargoyle (Lair:6)
  14 jellies (Lair:6)
  A gnoll (D:5)
  A kobold (D:6)
  11 fungi
  7 plants
35 creatures vanquished.

Grand Total: 597 creatures vanquished

Notes
Turn   | Place    | Note
-------+----------+-------------------------------------------
     0 | D:1      | Grinner the Spriggan Monk began the quest for the Orb.
     0 | D:1      | Reached XP level 1. HP: 11/11 MP: 2/2
   165 | D:1      | Reached XP level 2. HP: 4/16 MP: 3/3
   507 | D:1      | Reached skill level 4 in Stealth
   824 | D:1      | Reached skill level 5 in Dodging
   881 | D:1      | Reached XP level 3. HP: 19/19 MP: 4/4
  1837 | D:2      | Found a stormy altar of Qazlal.
  2250 | D:2      | Reached XP level 4. HP: 23/23 MP: 5/5
  2780 | D:3      | Found an ancient bone altar of Kikubaaqudgha.
  2795 | D:3      | Noticed Sigmund
  2827 | D:3      | Killed Sigmund
  2827 | D:3      | Reached skill level 5 in Stealth
  2827 | D:3      | Reached XP level 5. HP: 27/27 MP: 6/6
  2923 | D:3      | Reached skill level 6 in Stealth
  2923 | D:3      | Reached XP level 6. HP: 8/32 MP: 7/7
  2943 | D:3      | Reached skill level 5 in Short Blades
  3707 | D:3      | Learned a level 1 spell: Confusing Touch
  3712 | D:3      | Learned a level 4 spell: Petrify
  3905 | D:4      | Reached skill level 7 in Stealth
  3905 | D:4      | Reached skill level 1 in Hexes
  3905 | D:4      | Reached XP level 7. HP: 35/35 MP: 8/8
  3953 | D:4      | Found a staircase to the Ecumenical Temple.
  3970 | Temple   | Entered the Ecumenical Temple
  4055 | D:4      | Reached skill level 1 in Transmutations
  4104 | D:4      | Reached skill level 1 in Spellcasting
  4116 | D:4      | Found a glowing drain.
  4139 | Sewer    | Entered a sewer
  4363 | Sewer    | Noticed antares's ghost (amateur MfGl)
  4404 | Sewer    | Killed antares's ghost
  5532 | D:4      | Noticed demenzo's ghost (amateur MfSk)
  5546 | D:4      | Killed demenzo's ghost
  5546 | D:4      | Reached XP level 8. HP: 39/39 MP: 10/13
  5849 | D:4      | Found a glowing silver altar of Zin.
  5850 | D:4      | Noticed an angel
  6011 | D:4      | Reached skill level 8 in Stealth
  6275 | D:5      | Entered Level 5 of the Dungeon
  6357 | D:5      | Got a translucent hunting sling
  6358 | D:5      | Identified the +0 hunting sling of the Vestibule of Hell {venom, Fragile Str+6 Int+8 Stlth-} (You found it on level 5 of the Dungeon)
  6397 | D:5      | Found a white marble altar of Elyvilon.
  6486 | D:5      | Found a radiant altar of Vehumet.
  6549 | D:5      | Noticed Blork the orc
  6556 | D:5      | Killed Blork the orc
  6604 | D:5      | Noticed Pikel
  7168 | D:5      | Killed Pikel
  7168 | D:5      | Reached skill level 9 in Stealth
  7168 | D:5      | Reached XP level 9. HP: 43/43 MP: 13/16
  7247 | D:5      | Reached skill level 5 in Hexes
  7266 | D:5      | Reached skill level 5 in Transmutations
  7268 | D:5      | Found a shattered altar of Ashenzari.
  7978 | D:6      | Reached skill level 5 in Spellcasting
  7979 | D:6      | Found a blossoming altar of Fedhas.
  8072 | D:6      | Reached skill level 1 in Unarmed Combat
  8374 | D:6      | Noticed Grinder
  8389 | D:6      | Killed Grinder
  8404 | D:6      | Reached skill level 10 in Dodging
  8609 | D:6      | Reached skill level 10 in Stealth
  8974 | D:6      | Found an opulent altar of Gozag.
  9340 | D:7      | Reached XP level 10. HP: 47/47 MP: 19/19
 10100 | D:8      | Reached skill level 11 in Stealth
 11045 | D:9      | Noticed an unseen horror
 11073 | D:9      | Killed an unseen horror
 11135 | D:9      | Reached XP level 11. HP: 40/51 MP: 21/23
 11259 | D:9      | Reached skill level 12 in Stealth
 11328 | D:9      | Found Atejoep's Jewellery Emporium.
 11338 | D:9      | Bought the ring of Leosapturai {rPois rN+} for 468 gold pieces
 11390 | D:9      | Gained mutation: Your spells are a little harder to cast, but a little more powerful. [potion of beneficial mutation]
 11391 | D:9      | Gained mutation: You have a beak for a mouth. [potion of beneficial mutation]
 11720 | D:9      | Noticed Grum
 11791 | D:9      | Killed Grum
 11867 | D:9      | Found a staircase to the Lair.
 11907 | D:9      | Found a hide-covered altar of Uskayaw.
 11961 | Lair:1   | Entered Level 1 of the Lair of Beasts
 11961 | Lair:1   | Found a labyrinth entrance.
 11969 | Lab      | Entered a labyrinth
 11989 | Lab      | Reached skill level 1 in Earth Magic
 12261 | Lab      | Noticed a minotaur
 12271 | Lab      | Killed a minotaur
 12282 | Lab      | Identified a +1 rod of clouds (4/10) (You took it off a minotaur in a labyrinth)
 12423 | Lab      | Got a transparent quick blade
 12425 | Lab      | Identified the +8 quick blade of Capital Punishment {elec, Str+2} (You found it in a labyrinth)
 12465 | Lair:1   | Reached skill level 1 in Shields
 12524 | Lair:1   | Found a snail-covered altar of Cheibriados.
 13656 | Lair:2   | Reached XP level 12. HP: 56/56 MP: 24/24
 13680 | Lair:2   | Reached skill level 5 in Shields
 13897 | Lair:2   | Learned a level 6 spell: Statue Form
 13956 | Lair:2   | Found a staircase to the Snake Pit.
 13973 | Lair:2   | Got a scintillating jade ring
 13975 | Lair:2   | Identified the ring "Toutwoze" {Ice rPois MR- Str+3 Int+6} (You found it on level 2 of the Lair of Beasts)
 14880 | Lair:3   | Reached skill level 13 in Stealth
 14898 | Lair:3   | Identified a scroll of acquirement
 15406 | Lair:4   | Noticed Harold
 15434 | Lair:4   | Killed Harold
 15513 | Lair:4   | Noticed a four-headed hydra
 15528 | Lair:4   | Killed a four-headed hydra
 15586 | Lair:4   | Found a staircase to the Shoals.
 15636 | Lair:4   | Noticed Rupert
 15641 | Lair:4   | Paralysed by Rupert for 5 turns
 15654 | Lair:4   | Killed Rupert
 15654 | Lair:4   | Reached skill level 5 in Fighting
 15654 | Lair:4   | Reached skill level 14 in Stealth
 15654 | Lair:4   | Reached XP level 13. HP: 27/63 MP: 25/25
 16038 | Lair:4   | Reached skill level 5 in Earth Magic
 16683 | Lair:5   | Got a smoking rapier
 16684 | Lair:5   | Identified the cursed +2 rapier of Imminent Death {pierce, rC+} (You found it on level 5 of the Lair of Beasts)
 16761 | Lair:5   | Found a staircase to the Slime Pits.
 16762 | Lair:5   | Found a viscous altar of Jiyva.
 16772 | Lair:5   | Became a worshipper of Jiyva Jutefic the Shapeless
 16772 | Lair:5   | Reached * piety under Jiyva
 16772 | Lair:5   | Reached ** piety under Jiyva
 17110 | Lair:6   | Entered Level 6 of the Lair of Beasts
 17211 | Lair:6   | Reached skill level 15 in Stealth
 17361 | Lair:6   | Gained mutation: You are agile. (Dex +2) [potion of beneficial mutation]
 17628 | Lair:6   | Reached *** piety under Jiyva
 17746 | Lair:6   | Lost mutation: You are agile. (Dex +2) [Jiyva's grace]
 17837 | Lair:6   | Noticed a fire dragon
 17867 | Lair:6   | Reached skill level 16 in Stealth
 17927 | Lair:6   | Reached **** piety under Jiyva
 17932 | Lair:6   | Gained mutation: You are partially covered in rugged brown scales. (AC +1, +3% HP) [Jiyva's grace]
 18139 | Lair:6   | Found a large runed door.
 18143 | Lair:6   | Found a large runed door.
 18195 | Lair:6   | Killed a fire dragon
 18195 | Lair:6   | Reached XP level 14. HP: 67/74 MP: 26/26
 18645 | Shoals:1 | Entered Level 1 of the Shoals
 18697 | Shoals:1 | Killed from afar by a merfolk aquamancer

Skill      XL: |  1  2  3  4  5  6  7  8  9 10 11 12 13 14 |
---------------+-------------------------------------------+-----
Stealth        | 4 5 6 7 9 10 11 12 14 16 | 16.6
Dodging        | 5 6 7 8 9 10 11 12 | 12.3
Short Blades   | 4 5 6 7 8 9 |  9.2
Hexes          | 1 2 4 5 |  5.0
Transmutations | 2 4 6 8 |  8.8
Spellcasting   | 2 4 5 7 |  7.6
Unarmed Combat | 2 3 4 |  4.4
Earth Magic    | 2 4 7 8 |  8.0
Fighting       | 3 5 7 |  7.4
Shields        | 4 7 |  7.7

Action                   |  1- 3 |  4- 6 |  7- 9 | 10-12 | 13-15 || total
-------------------------+-------+-------+-------+-------+-------++-------
Melee: Dagger            |   174 |     2 |   493 |   175 |       ||   844
       Short sword       |     7 |   162 |   268 |   409 |       ||   846
       Unarmed           |       |     1 |   106 |   104 |     2 ||   213
       Punch             |       |       |     3 |     8 |       ||    11
       Quick blade       |       |       |       |   412 |   499 ||   911
       Peck              |       |       |       |   135 |   129 ||   264
 Cast: Confusing Touch   |       |     1 |    52 |    52 |     1 ||   106
Invok: Request Jelly     |       |       |       |       |     1 ||     1
Evoke: Wand              |       |     4 |       |       |       ||     4
  Use: Scroll            |     1 |     4 |       |    21 |     5 ||    31
       Potion            |       |     2 |       |     7 |     1 ||    10
 Stab: Sleeping          |    12 |     6 |    39 |    40 |     7 ||   104
       Distracted        |     1 |     1 |     1 |     6 |     4 ||    13
       Invisible         |       |     4 |       |       |       ||     4
       Confused          |       |     1 |    45 |    49 |     2 ||    97
       Held in net/web   |       |       |       |     3 |       ||     3
  Eat: Bread ration      |       |       |     1 |     1 |       ||     2
       Pizza             |       |       |     1 |     4 |       ||     5
Armor: Robe              |    11 |     6 |    26 |    27 |       ||    70
       Animal skin       |       |       |       |     2 |    14 ||    16
Dodge: Dodged            |   148 |   119 |   598 |   774 |   170 ||  1809
Block: Buckler           |       |       |       |   120 |   184 ||   304
       Reflection        |       |       |       |     4 |    12 ||    16
